% Time on Ice - SEATTLE GRUNGE
Lines # - Real PCT - Wanted PCT - Time Play
Normal Forward
1 - 28% - 36% - 14:43
2 - 27% - 31% - 13:59
3 - 27% - 23% - 14:10
4 - 18% - 10% - 9:12
Normal Defense
1 - 33% - 36% - 17:00
2 - 26% - 31% - 13:38
3 - 34% - 23% - 17:49
4 - 7% - 10% - 3:37
PP Forward
1 - 63% - 55% - 3:44
2 - 37% - 45% - 2:13
PP Defense
1 - 37% - 55% - 2:13
2 - 63% - 45% - 3:44
PK Forward
1 - 68% - 55% - 1:21
2 - 32% - 45% - 0:38
PK Defense
1 - 63% - 55% - 1:15
2 - 37% - 45% - 0:44
PK3 Forward
1 - 0% - 55%
2 - 0% - 45%
PK3 Defense
1 - 0% - 55%
2 - 0% - 45%
44 Forward
1 - 0% - 55%
2 - 0% - 45%
44 Defense
1 - 0% - 55%
2 - 0% - 45%
Last Minute Offensive  - 0:00
Last Minute Defensive  - 0:00
Total
Forward - 60:00
Defense - 60:00
% Time on Ice - EDMONTON ICE
Lines # - Real PCT - Wanted PCT - Time Play
Normal Forward
1 - 38% - 36% - 19:44
2 - 33% - 33% - 17:01
3 - 24% - 24% - 12:33
4 - 5% - 7% - 2:46
Normal Defense
1 - 35% - 37% - 18:16
2 - 28% - 32% - 14:48
3 - 27% - 23% - 14:16
4 - 9% - 8% - 4:44
PP Forward
1 - 58% - 60% - 1:09
2 - 42% - 40% - 0:50
PP Defense
1 - 56% - 60% - 1:07
2 - 44% - 40% - 0:52
PK Forward
1 - 72% - 60% - 4:17
2 - 28% - 40% - 1:40
PK Defense
1 - 52% - 60% - 3:06
2 - 48% - 40% - 2:51
PK3 Forward
1 - 0% - 55%
2 - 0% - 45%
PK3 Defense
1 - 0% - 55%
2 - 0% - 45%
44 Forward
1 - 0% - 55%
2 - 0% - 45%
44 Defense
1 - 0% - 55%
2 - 0% - 45%
Last Minute Offensive  - 0:00
Last Minute Defensive  - 0:00
Total
Forward - 60:00
Defense - 60:00
Play-by-Play 1st period 0:01 of 1st period - Tyler Seguin wins face-off versus Jack Eichel in neutral zone. 1:04 of 1st period - Shot by Thomas Novak. 1:04 of 1st period - Stopped by Karel Vejmelka without a rebound. 1:05 of 1st period - Jakub Vrana wins face-off versus Dawson Mercer in SEATTLE GRUNGE zone. 1:05 of 1st period - Jakub Vrana is hit by Anthony Mantha. 1:38 of 1st period - Shot by Curtis Lazar. 1:38 of 1st period - Shot Misses the Net. 2:13 of 1st period - Icing by Zach Whitecloud. 2:14 of 1st period - Dawson Mercer wins face-off versus Chris Tierney in EDMONTON ICE zone. 2:41 of 1st period - Shot by Rem Pitlick. 2:41 of 1st period - Shot Misses the Net. 2:43 of 1st period - Shot by Travis Sanheim. 2:43 of 1st period - Stopped by Vitek Vanecek without a rebound. 2:44 of 1st period - Tyler Seguin wins face-off versus Alex Tuch in EDMONTON ICE zone. 3:03 of 1st period - Shot by Tyler Seguin. 3:03 of 1st period - Stopped by Vitek Vanecek with a rebound. 3:11 of 1st period - Shot by William Nylander. 3:11 of 1st period - Shot Misses the Net. 3:13 of 1st period - Shot by Tyler Seguin. 3:13 of 1st period - Shot Misses the Net. 3:32 of 1st period - Icing by Michael Matheson. 3:33 of 1st period - Jimmy Vesey wins face-off versus Jack Eichel in EDMONTON ICE zone. 4:08 of 1st period - Shot by Travis Boyd. 4:08 of 1st period - Shot Hit the Post. 4:24 of 1st period - Shot by Brett Kulak. 4:24 of 1st period - Shot Blocked by Jack Eichel. 4:26 of 1st period - Shot by Travis Sanheim. 4:26 of 1st period - Shot Misses the Net. 4:28 of 1st period - Shot by Brett Kulak. 4:28 of 1st period - Shot Misses the Net. 4:58 of 1st period - Brett Kulak is hit by Gustav Nyquist and loses puck. 5:24 of 1st period - Shot by Tyler Seguin. 5:24 of 1st period - Shot Misses the Net. 5:26 of 1st period - Shot by Tyler Seguin. 5:26 of 1st period - Shot Misses the Net. 5:28 of 1st period - Shot by William Nylander. 5:28 of 1st period - Shot Misses the Net. 5:32 of 1st period - Shot by William Nylander. 5:32 of 1st period - Deflect By Tyler Seguin. 5:32 of 1st period - Stopped by Vitek Vanecek without a rebound. 5:33 of 1st period - Thomas Novak wins face-off versus Chris Tierney in EDMONTON ICE zone. 5:56 of 1st period - Shot by Scott Laughton. 5:56 of 1st period - Stopped by Karel Vejmelka without a rebound. 5:57 of 1st period - Travis Boyd wins face-off versus Anton Lundell in SEATTLE GRUNGE zone. 6:24 of 1st period - Shot by Morgan Geekie. 6:24 of 1st period - Shot Blocked by Jarred Tinordi. 7:14 of 1st period - Thomas Novak is hit by Brett Kulak. 7:28 of 1st period - Shot by Thomas Novak. 7:28 of 1st period - Stopped by Karel Vejmelka with a rebound. 7:30 of 1st period - Shot by Ryan Graves. 7:30 of 1st period - Goal by Ryan Graves - SEATTLE GRUNGE : 0 - EDMONTON ICE : 1. 7:31 of 1st period - Dawson Mercer wins face-off versus Curtis Lazar in neutral zone. 8:04 of 1st period - Shot by Curtis Lazar. 8:04 of 1st period - Shot Misses the Net. 8:20 of 1st period - Shot by Rem Pitlick. 8:20 of 1st period - Stopped by Vitek Vanecek without a rebound. 8:21 of 1st period - Travis Boyd wins face-off versus Thomas Novak in EDMONTON ICE zone. 9:30 of 1st period - Shot by Alex Tuch. 9:30 of 1st period - Shot Misses the Net. 9:32 of 1st period - Shot by Jack Eichel. 9:32 of 1st period - Stopped by Karel Vejmelka with a rebound. 9:36 of 1st period - Shot by Alex Tuch. 9:36 of 1st period - Shot Misses the Net. 9:59 of 1st period - Jack Eichel is hit by William Borgen and loses puck. 11:42 of 1st period - Off-side. 11:43 of 1st period - Travis Boyd wins face-off versus Jack Eichel in neutral zone. 11:49 of 1st period - Off-side. 11:50 of 1st period - Travis Boyd wins face-off versus Jack Eichel in neutral zone. 12:03 of 1st period - Shot by Travis Boyd. 12:03 of 1st period - Deflect By Morgan Geekie. 12:03 of 1st period - Stopped by Vitek Vanecek without a rebound. 12:04 of 1st period - Curtis Lazar wins face-off versus Jack Eichel in EDMONTON ICE zone. 12:05 of 1st period - Shot by Alexey Toropchenko. 12:05 of 1st period - Shot Misses the Net. 12:17 of 1st period - Shot by Jack Eichel. 12:17 of 1st period - Shot Misses the Net. 13:32 of 1st period - Shot by Warren Foegele. 13:32 of 1st period - Shot Hit the Post. 14:04 of 1st period - Shot by Morgan Geekie. 14:04 of 1st period - Stopped by Vitek Vanecek without a rebound. 14:05 of 1st period - Chris Tierney wins face-off versus Dawson Mercer in EDMONTON ICE zone. 14:11 of 1st period - Icing by Michael Matheson. 14:12 of 1st period - Dawson Mercer wins face-off versus Travis Boyd in EDMONTON ICE zone. 14:42 of 1st period - Shot by Travis Boyd. 14:42 of 1st period - Stopped by Vitek Vanecek without a rebound. 14:43 of 1st period - Rem Pitlick wins face-off versus Thomas Novak in EDMONTON ICE zone. 14:54 of 1st period - Shot by Evgeny Dadonov. 14:54 of 1st period - Stopped by Karel Vejmelka without a rebound. 14:55 of 1st period - Jack Eichel wins face-off versus William Nylander in SEATTLE GRUNGE zone. 14:58 of 1st period - Shot by Alex Tuch. 14:58 of 1st period - Stopped by Karel Vejmelka without a rebound. 14:59 of 1st period - Thomas Novak wins face-off versus Tyler Seguin in SEATTLE GRUNGE zone. 15:00 of 1st period - Shot by Evgeny Dadonov. 15:00 of 1st period - Stopped by Karel Vejmelka without a rebound. 15:01 of 1st period - Thomas Novak wins face-off versus Tyler Seguin in SEATTLE GRUNGE zone. 15:14 of 1st period - Shot by Evgeny Dadonov. 15:14 of 1st period - Shot Misses the Net. 15:36 of 1st period - Icing by Tyler Seguin. 15:37 of 1st period - Dawson Mercer wins face-off versus Tyler Seguin in SEATTLE GRUNGE zone. 15:43 of 1st period - Icing by Travis Sanheim. 15:44 of 1st period - Warren Foegele wins face-off versus Jack Eichel in SEATTLE GRUNGE zone. 15:51 of 1st period - Shot by Tyler Seguin. 15:51 of 1st period - Shot Blocked by Zach Whitecloud. 15:53 of 1st period - Shot by William Nylander. 15:53 of 1st period - Shot Misses the Net. 17:33 of 1st period - Shot by Alexey Toropchenko. 17:33 of 1st period - Stopped by Vitek Vanecek with a rebound. 17:35 of 1st period - Shot by Curtis Lazar. 17:35 of 1st period - Stopped by Vitek Vanecek without a rebound. 17:36 of 1st period - Chris Tierney wins face-off versus Scott Laughton in EDMONTON ICE zone. 18:55 of 1st period - Curtis Lazar is hit by Anthony Mantha and loses puck. 19:41 of 1st period - Shot by Tyler Seguin. 19:41 of 1st period - Stopped by Vitek Vanecek without a rebound. 19:42 of 1st period - Travis Boyd wins face-off versus Tanner Jeannot in EDMONTON ICE zone. 19:55 of 1st period - Shot by Anton Lundell. 19:55 of 1st period - Deflect By Anthony Beauvillier. 19:55 of 1st period - Shot Misses the Net. 19:56 of 1st period - Minor Penalty to Nick Seeler for High sticking. 19:57 of 1st period - Dawson Mercer wins face-off versus Jimmy Vesey in SEATTLE GRUNGE zone. Goals for this period are 0 for SEATTLE GRUNGE vs 1 for EDMONTON ICE. Shots for this period are 10 for SEATTLE GRUNGE vs 8 for EDMONTON ICE. 2nd period 0:01 of 2nd period - Jack Eichel wins face-off versus Jimmy Vesey in neutral zone. 0:42 of 2nd period - Travis Sanheim is hit by Anthony Beauvillier and loses puck. 1:05 of 2nd period - Shot by Scott Laughton. 1:05 of 2nd period - Shot Misses the Net. 1:23 of 2nd period - Shot by Scott Laughton. 1:23 of 2nd period - Stopped by Karel Vejmelka without a rebound. 1:24 of 2nd period - Travis Boyd wins face-off versus Dawson Mercer in SEATTLE GRUNGE zone. 1:30 of 2nd period - Icing by Scott Laughton. 1:31 of 2nd period - Travis Boyd wins face-off versus Dawson Mercer in EDMONTON ICE zone. 1:38 of 2nd period - Shot by Michael Matheson. 1:38 of 2nd period - Stopped by Karel Vejmelka without a rebound. 1:39 of 2nd period - Jack Eichel wins face-off versus Jimmy Vesey in SEATTLE GRUNGE zone. 2:10 of 2nd period - Shot by Evgeny Dadonov. 2:10 of 2nd period - Shot Misses the Net. 2:31 of 2nd period - Scott Laughton is hit by William Borge